 Dungeon Crawl Stone Soup version 0.30.1-11-g7821555f0a (webtiles) character file.

Game seed: 15209337760559204530

1256030 Colgate the Shapeless Merfolk (level 26, 224/224 HPs)
             Began as a Merfolk Transmuter on Jan 5, 2024.
             Was a High Priest of Okawaru.
             Escaped with the Orb
             ... and 3 runes on Jan 7, 2024!
             The game lasted 10:00:25 (129985 turns).

Colgate the Shapeless Merfolk (MfTm)              Turns: 129985, Time: 10:00:26

Health: 224/224    AC: 23    Str: 17    XL:     26   Next: 71%
Magic:  50/54      EV: 13    Int: 24    God:    Okawaru [*****.]
Gold:   2023       SH:  0    Dex: 19    Spells: 9/49 levels left

rFire   + + .        b - staff of air
rCold   + + +        (no shield)
rNeg    + . .        e - +4 plate armour of Chill Winds {rC+ Int+4}
rPois   +            L - +3 hat of Pondering {ponderous, Will+ MP+10 Int+5}
rElec   +            Y - +0 cloak "Zeodabei" {+Blink Regen+}
rCorr   +            d - +0 pair of gloves of the Lute {rPois Will+++ Str-5}
SInv    .            U - +2 pair of boots {Stlth+}
Will    +++++        F
                       - Hermit's Pendant {Faith Invo=14 Evo=0 MP+5} Stlth
                     Z - ring of Wopporuv {rF+ rC+ rN+ rCorr}
HPRegen 1.37/turn    l - ring of the Mutiny {rF+ Str+3 Dex+6 Slay+4}
MPRegen 0.34/turn

%: faith
@: studying Ice Magic, slow
A: (nimble swimmer 2), mertail, clumsy 1, cold resistance 1, mutation resistance
2, noise suppression
0: Orb of Zot
}: 3/15 runes: barnacled, abyssal, gossamer
a: Renounce Religion, Evoke Blink, Heroism, Finesse, Duel


You escaped.
You worshipped Okawaru.
Okawaru was extremely pleased with you.
You visited 13 branches of the dungeon, and saw 52 of its levels.
You visited the Abyss 1 time.
You visited 3 bazaars.
You also visited: Trove and Wizlab.

You collected 8886 gold pieces.
You spent 6863 gold pieces at shops.

Inventory:

Missiles
 g - 9 poisoned darts
Armour
 d - the +0 pair of gloves of the Lute (worn) {rPois Will+++ Str-5}
   (You found it on level 4 of the Vaults)

   Str:       It affects your strength (-5).
   rPois:     It protects you from poison.
   Will:      It greatly increases your willpower.
 e - the +4 plate armour of Chill Winds (worn) {rC+ Int+4}
   (You found it on level 3 of the Elven Halls)

   Int:       It affects your intelligence (+4).
   rC:        It protects you from cold.
 L - the +3 hat of Pondering (worn) {ponderous, Will+ MP+10 Int+5}
   (You bought it in a shop on level 3 of the Vaults)

   Int:       It affects your intelligence (+5).
   MP:        It affects your magic capacity (+10).
   Will:      It increases your willpower.
 U - a +2 pair of boots of stealth (worn)
 Y - the +0 cloak "Zeodabei" (worn) {+Blink Regen+}
   (Okawaru gifted it to you on level 4 of the Shoals)

   +Blink:    It lets you blink.
   Regen:     It increases your rate of health regeneration.
Magical Staves
 b - a staff of air (weapon)
Jewellery
 a - a +6 ring of intelligence
 c - a ring of protection from cold
 h - the ring "Yracio" {rCorr MP+9 Dex+2 Stlth+}
   (You found it in a treasure trove)

   [ring of magical power]

   Dex:       It affects your dexterity (+2).
   MP:        It affects your magic capacity (+9).
   rCorr:     It protects you from acid and corrosion.
   Stlth:     It makes you more stealthy.
 i - the ring of the Tormentor {rCorr MP+9 Str-3 Int+2 SInv}
   (You found it in a treasure trove)

   [ring of resist corrosion]

   Str:       It affects your strength (-3).
   Int:       It affects your intelligence (+2).
   MP:        It affects your magic capacity (+9).
   SInv:      It lets you see invisible.
   rCorr:     It protects you from acid and corrosion.
 j - the ring "Zoar Duz" {rN+ Will++ Str+3 Slay+2}
   (You found it in a treasure trove)

   [ring of positive energy]

   Str:       It affects your strength (+3).
   Slay:      It affects your accuracy & damage with ranged weapons and melee
   (+2).
   rN:        It protects you from negative energy.
   Will:      It greatly increases your willpower.
 l - the ring of the Mutiny (right hand) {rF+ Str+3 Dex+6 Slay+4}
   (You found it in a treasure trove)

   [ring of slaying]

   Str:       It affects your strength (+3).
   Dex:       It affects your dexterity (+6).
   Slay:      It affects your accuracy & damage with ranged weapons and melee
   (+4).
   rF:        It protects you from fire.
 m - the ring of Zowo {rN+ Will+ Str+2}
   (You bought it in a shop in a bazaar)

   [ring of willpower]

   Str:       It affects your strength (+2).
   rN:        It protects you from negative energy.
   Will:      It increases your willpower.
 r - the ring "Detyuh" {Str+6 Int+2}
   (You bought it in a shop in a bazaar)

   [ring of strength]

   Str:       It affects your strength (+6).
   Int:       It affects your intelligence (+2).
 v - the ring "Naybb" {rC- Str+6 Int+4 Dex+2}
   (You found it in a treasure trove)

   [ring of strength]

   Str:       It affects your strength (+6).
   Int:       It affects your intelligence (+4).
   Dex:       It affects your dexterity (+2).
   rC:        It makes you vulnerable to cold.
 F - the Hermit's Pendant (around neck) {Faith Invo=14 Evo=0 MP+5}
   (You found it on level 7 of the Dungeon)

   [amulet of faith]

   Invo=14: It sets your Invocations skill to 14.
   Evo=0: It sets your Evocations skill to 0.
   It allows you to gain divine favour quickly.
   MP:        It affects your magic capacity (+5).
 Z - the ring of Wopporuv (left hand) {rF+ rC+ rN+ rCorr}
   (You bought it in a shop in a bazaar)

   [ring of protection from fire]

   rF:        It protects you from fire.
   rC:        It protects you from cold.
   rN:        It protects you from negative energy.
   rCorr:     It protects you from acid and corrosion.
Scrolls
 f - a scroll of amnesia
 u - a scroll of enchant armour
 x - 10 scrolls of fear
 z - 10 scrolls of fog
 D - 13 scrolls of immolation
 E - a scroll of magic mapping {@r5}
 G - 13 scrolls of blinking {@r4}
 H - 12 scrolls of poison
 J - 29 scrolls of teleportation {@r3}
 N - 6 scrolls of silence
 O - 4 scrolls of torment
 P - 8 scrolls of vulnerability
Potions
 k - a potion of haste {@q4}
 n - 2 potions of heal wounds {@q2}
 o - a potion of invisibility
 p - 19 potions of mutation
 s - 10 potions of lignification
 w - 4 potions of magic
 A - 5 potions of might {@q3}
 B - 3 potions of resistance {@q5}
 Q - 5 potions of ambrosia
 R - 8 potions of attraction
 S - 5 potions of berserk rage
 T - 4 potions of brilliance
 V - 5 potions of cancellation
 W - 23 potions of curing {@q1}
 X - 4 potions of flight


   Skills:
 - Level 21.6 Fighting
 - Level 3.0 Armour
 - Level 20.7 Dodging
 - Level 7.1 Stealth
 - Level 22.0 Unarmed Combat
 + Level 12.1 Spellcasting
 - Level 4.1 Hexes
 - Level 3.3 Translocations
 O Level 27 Transmutations
 - Level 3.0 Ice Magic
 - Level 19.0 Air Magic
 - Level 5.0 Poison Magic
 - Level 6.4(14.0) Invocations


You had 9 spell levels left.
You knew the following spells:

 Your Spells              Type           Power      Damage    Failure   Level
a - Blade Hands           Tmut           48%        N/A       1%          5
b - Storm Form            Tmut/Air       56%        N/A       14%         7
c - Wereblood             Tmut           97%        N/A       0%          2
d - Ice Form              Ice/Tmut       72%        N/A       4%          4
e - Alistair's Intoxicat  Tmut/Pois      49%        N/A       9%          5
f - Vhi's Electric Charg  Tloc/Air       100%       N/A       6%          3
g - Yara's Violent Unrav  Hex/Tmut       36%        3d15      10%         5
h - Apportation           Tloc           60%        N/A       47%         1
i - Maxwell's Capacitive  Air            51%        ∞         99%         8

Your spell library contained the following spells:

 Spells                   Type           Power      Damage    Failure   Level
 Beastly Appendage        Tmut           100%       N/A       0%          1
 Spider Form              Tmut/Pois      74%        N/A       1%          3
 Airstrike                Air            51%        2d(8-24)  1%          4
 Dragon Form              Tmut           48%        N/A       2%          7
 Static Discharge         Conj/Air       100%       2-7/arc   6%          2
 Ignite Poison            Fire/Tmut/Pois 60%        N/A       8%          3
 Cigotuvi's Dreadful Rot  Necr/Pois/Air  100%       N/A       12%         2
 Irradiate                Conj/Tmut      34%        3d23      22%         5
 Slow                     Hex            100%       N/A       36%         1
 Silence                  Hex/Air        40%        N/A       45%         5
 Ensorcelled Hibernation  Hex/Ice        62%        N/A       58%         2
 Lesser Beckoning         Tloc           60%        N/A       63%         2
 Confusing Touch          Hex            34%        N/A       75%         3
 Arcjolt                  Conj/Air       37%        1d47      75%         5
 Portal Projectile        Hex/Tloc       64%        N/A       80%         3
 Gell's Gravitas          Tloc           30%        N/A       85%         3
 Teleport Other           Tloc           30%        N/A       85%         3
 Frozen Ramparts          Ice            58%        1d9       88%         3
 Kiss of Death            Conj/Necr      56%        2d9       91%         1
 Necrotise                Necr           56%        1d6       91%         1
 Inner Flame              Hex/Fire       24%        N/A       95%         3
 Freezing Cloud           Conj/Ice/Air   32%        6-21      96%         5
 Scorch                   Fire           28%        2d6       97%         2
 Sublimation of Blood     Necr           14%        N/A       97%         2
 Vampiric Draining        Necr           14%        2d7       99%         3
 Passage of Golubria      Tloc           30%        N/A       99%         4
 Anguish                  Hex/Necr       12%        N/A       100%        4
 Dispel Undead            Necr           14%        3d10      100%        4
 Flame Wave               Conj/Fire      14%        2d6       100%        4
 Fulminant Prism          Conj/Hex       12%        3d9       100%        4
 Leda's Liquefaction      Hex/Erth       12%        N/A       100%        4
 Sticky Flame             Conj/Fire      14%        2d4       100%        4
 Agony                    Necr           14%        N/A       100%        5
 Fireball                 Conj/Fire      7%         3d5       100%        5
 Iskenderun's Battlesphe  Conj           14%        2d7       100%        5
 Conjure Ball Lightning   Conj/Air       37%        3x3d12    100%        6
 Dispersal                Tloc           15%        N/A       100%        6
 Iron Shot                Conj/Erth      7%         9d2       100%        6
 Plasma Beam              Fire/Air       37%        2x1d55    100%        6
 Enfeeble                 Hex            17%        N/A       100%        7
 Orb of Destruction       Conj           7%         9d6       100%        7
 Borgnjor's Revivificati  Necr           7%         N/A       100%        8
 Discord                  Hex            17%        N/A       100%        8
 Disjunction              Tloc           15%        N/A       100%        8
 Ignition                 Fire           7%         3d4       100%        8
 Necromutation            Tmut/Necr      34%        N/A       100%        8
 Summon Lightning Spire   Summ/Air       Unusable   N/A       N/A         4
 Tukima's Dance           Hex            Unusable   N/A       N/A         3
 Summon Small Mammal      Summ           Unusable   N/A       N/A         1
 Call Canine Familiar     Summ           Unusable   N/A       N/A         3
 Summon Ice Beast         Ice/Summ       Unusable   N/A       N/A         4
 Summon Forest            Summ/Tloc      Unusable   N/A       N/A         5
 Summon Mana Viper        Hex/Summ       Unusable   N/A       N/A         5
 Death Channel            Necr           Unusable   N/A       N/A         6
 Simulacrum               Ice/Necr       Unusable   N/A       N/A         6
 Summon Cactus Giant      Summ           Unusable   N/A       N/A         6
 Summon Hydra             Summ           Unusable   N/A       N/A         7

Dungeon Overview and Level Annotations

Branches:
Dungeon (15/15)            Temple (1/1) D:6            Lair (5/5) D:8
 Shoals (4/4) Lair:2       Spider (4/4) Lair:2        Slime (0/5) Lair:4
    Orc (2/2) D:10            Elf (3/3) Orc:2        Vaults (4/5) D:13
  Crypt (3/3) Vaults:3       Tomb (1/3) Crypt:3      Depths (4/4) D:15
   Hell (visited)             Zot (5/5) Depths:4     WizLab (visited)
    Dis: Hell:1         Geh: Hell:1         Coc: Hell:1         Tar: Hell:1

Altars:
Ashenzari
Cheibriados
Dithmenos
Elyvilon
Fedhas
Gozag
Hepliaklqana
Kikubaaqudgha
Makhleb
Nemelex Xobeh
Okawaru
Qazlal
Ru
Sif Muna
Trog
Uskayaw
Vehumet
Wu Jian
Xom
Yredelemnul
Zin
The Shining One
Jiyva

Shops:
D:9 (   D:11 [   D:12 (   Orc:2 *[((   Elf:3 [*[=   Vaults:2 =   Vaults:3 ?*[

Portals:
Hell: Depths:1 Depths:2 Depths:3 Depths:4
Abyss: Depths:2 Depths:3
Pandemonium: Depths:2 Depths:3
Ziggurat: Depths:2

Annotations:
Elf:2 3 runed translucent doors
Depths:3 6 runed translucent doors
Zot:2 exclusion: orb of fire
Zot:3 exclusion: orb of fire


Innate Abilities, Weirdness & Mutations

((You are very nimble when in or above water. (Stealth+, EV+, Speed+++)))
Your lower body shifts to a powerful aquatic tail in water.
You are clumsy. (Dex -2)
Your flesh is cold resistant. (rC+)
You are somewhat resistant to both further mutation and mutation removal.
You passively dampen the noise of your surroundings.


Message History

l - the ring of the Mutiny (right fist) {rF+ Str+3 Dex+6 Slay+4} The Hell Sentinel hits you!!
The Hell Sentinel hits you!
You blast the Hell Sentinel!!!!
You punch the Hell Sentinel!
You blast the Hell Sentinel!!!!
You kill the Hell Sentinel!
Okawaru accepts your kill.
There is a stone staircase leading up here.
You start resting.
A sun demon comes into view.
You blast the sun demon!!!!
You kill the sun demon!
Okawaru accepts your kill.
You start resting.
Magic restored.
A ynoxinul comes into view.
You start resting.
A tormentor comes into view.
You fly upwards.
There is a stone staircase leading down here.
You feel yourself speed up.
(D) Dungeon (T) Temple (L) Lair (A) Shoals (N) Spider Nest (M) Slime Pits (O) Orcish Mines (E) Elven Halls (V) Vaults (C) Crypt (W) Tomb (U) Depths (H) Hell (Z) Zot
Where to? (Enter - D:1 @ (x,y), ? - help)
Your transformation is almost over.
Your transformation has ended.
Your staff of air unmelds from your body.
The +0 cloak "Zeodabei" {+Blink Regen+} unmelds from your body.
The +3 hat of Pondering {ponderous, Will+ MP+10 Int+5} unmelds from your body.
The +0 pair of gloves of the Lute {rPois Will+++ Str-5} unmelds from your body.
Your +2 pair of boots of stealth unmelds from your body.
The +4 plate armour of Chill Winds {rC+ Int+4} unmelds from your body.
You feel rather ponderous.
You feel stealthy.
You see here a +0 club.
Your extra speed is starting to run out.
You feel yourself slow down.
HP restored.
There is a staircase leading out of the dungeon here.
You have escaped!

#.....(.....#.##########...
#.....######.## #.##
#.....# #.# #)# ####### #.#
#.# #.# ####.## #.# #......
##.# #.##.## ##..# #.##.##
#@..# #.##.## ##.## #.##.##
### #...... ####.## #.# #.#
#.# #.# #)#


There were no monsters in sight!

Vanquished Creatures
  2 dread liches (Zot:5)
  An ancient lich (Zot:5)
  Mara (Spider:3)
  4 orbs of fire
  Sojobo (Vaults:2)
  2 royal mummies (Arena)
  A Head Instructor (WizLab)
  Parghit (Depths:4)
  Saint Roka (Vaults:4)
  2 Killer Klowns (Zot:5)
  Boris (Depths:4)
  Margery (Depths:3)
  A caustic shrike (Depths:2)
  2 curse toes (Arena)
  Geryon (Hell)
  3 golden dragons
  Jory (Depths:4)
  3 bone dragons
  Arachne (Spider:1)
  2 electric golems
  2 doom hounds (Depths:2)
  A Hell Sentinel (D:2)
  Zenata (Crypt:3)
  3 liches
  22 Orb Guardians
  5 tentacled monstrosities
  3 deep elf master archers (Elf:3)
  4 quicksilver dragons
  Grunn (Depths:2)
  2 deep elf blademasters (Elf:3)
  4 death cobs
  8 sphinxes
  8 ancient champions
  Agnes (Elf:2)
  5 tengu reavers
  8 storm dragons
  A tentacled starspawn (Abyss:4)
  Donald (Spider:2)
  10 revenants
  5 shadow dragons
  3 azure jellies (Lair:4)
  A draconian monk (Zot:3)
  8 deep elf sorcerers (Elf:3)
  A nagaraja (Elf:3)
  The ghost of Nimbul the Cutthroat, an adept KoEE of Wu Jian (Elf:2)
  The ghost of mihai the Spry, a journeyman MiFi of the Shining One (D:13)
  9 frost giants
  7 emperor scorpions
  10 vault wardens
  5 fire giants
  3 curse skulls
  2 draconian scorchers
  3 iron dragons
  Louise (Depths:2)
  A draconian stormcaller (Zot:4)
  Aizul (Lair:2)
  A draconian shifter (Depths:4)
  10 ghouls
  4 ghost moths
  6 reapers
  A cacodemon (D:12)
  3 orc warlords
  A juggernaut skeleton (Tomb:1)
  A spriggan defender (Depths:3)
  The ghost of raetorn the Carver, a journeyman MfGl of Wu Jian (Lair:5)
  7 deep elf elementalists (Elf:3)
  29 very ugly things
  5 war gargoyles
  9 broodmothers
  2 draconian annihilators (Zot:4)
  22 ironbound preservers
  5 green draconians
  3 red draconians
  6 ironbound thunderhulks
  4 black draconians
  A dire elephant (Vaults:3)
  Azrael (D:13)
  7 deep elf annihilators (Elf:3)
  9 stone giants
  8 deep elf demonologists
  6 vampire knights
  A minotaur (Lair:5)
  4 white draconians
  5 yellow draconians
  5 spark wasps
  7 purple draconians
  8 eidola
  5 ettins
  A green death (Hell)
  9 mummy priests (Tomb:1)
  3 merfolk impalers
  3 merfolk javelineers
  5 deep elf high priests
  3 crystal guardians
  Josephine (D:13)
  11 deep elf death magi
  A spectral iron giant (Crypt:3)
  7 entropy weavers
  5 fire dragons
  10 yaktaur captains
  5 jiangshi
  8 hydras
  6 great orbs of eyes
  9 vault guards
  4 ice dragons
  4 rakshasas
  A quicksilver dragon skeleton (Crypt:2)
  2 jorogumos
  9 centaur warriors
  A catoblepas (Lair:5)
  2 spriggan air magi
  2 merfolk avatars
  Erolcha (Orc:1)
  8 peacekeepers
  2 naga warriors (Elf:2)
  13 ironbound frosthearts
  11 boulder beetles
  3 merfolk aquamancers (Shoals:3)
  4 satyrs
  2 two-headed ogres
  16 dancing weapons
  2 radroaches (Spider:2)
  Urug (D:12)
  2 alligator snapping turtles
  10 vampire magi
  5 deep troll earth magi
  12 tengu warriors
  The ghost of tykejmi the Martial Artist, a novice GnTm of Sif Muna (D:9)
  23 death scarabs (Tomb:1)
  3 death yaks (Lair:5)
  4 deep troll shamans
  3 orc high priests
  2 thrashing horrors
  5 spriggan berserkers
  16 deep elf knights
  5 spriggans
  3 sun demons
  3 wretched stars (Abyss:4)
  4 soul eaters
  10 hell knights
  An iron troll (Depths:4)
  2 skysharks
  A salamander mystic (WizLab)
  A golden dragon zombie (Crypt:2)
  19 shadow wraiths
  Lodul (D:12)
  4 sun moths
  8 pharaoh ants
  2 sixfirhies (D:12)
  35 skeletal warriors
  9 sea snakes
  An iron giant zombie (Crypt:2)
  4 flayed ghosts
  8 wizards
  A bog body (Crypt:2)
  A spectral hydra (Crypt:3)
  14 orb spiders
  52 deep trolls
  3 swamp dragons
  9 deep elf archers
  A glowing orange brain (Vaults:3)
  An orange crystal statue (Zot:5)
  12 ironbound convokers
  4 lindwurms
  A spectral iron dragon (Crypt:3)
  24 phantasmal warriors
  4 harpies
  18 deep elf pyromancers
  3 steelbarb worms
  6 mana vipers (WizLab)
  2 orc knights
  17 deep elf zephyrmancers
  8 orc sorcerers
  6 necromancers
  A worldbinder (Abyss:4)
  5 cyclopes
  A shining eye (shapeshifter) (Depths:2)
  22 wolf spiders
  An iron dragon zombie (Tomb:1)
  21 fauns
  50 ugly things
  17 manticores
  9 elephants
  12 moths of wrath
  5 merfolk sirens
  A rust devil (Depths:3)
  12 vault sentinels
  2 black mambas
  2 water nymphs
  A spectral centaur (Crypt:3)
  2 guardian serpents
  2 smoke demons
  12 cane toads
  An apocalypse crab (Abyss:4)
  An orange demon (D:12)
  A gargoyle (D:13)
  3 torpor snails
  4 demonic crawlers
  An alligator snapping turtle zombie (Crypt:1)
  A hellion (Depths:3)
  A catoblepas zombie (Tomb:1)
  A kobold demonologist (D:9)
  8 rime drakes
  5 freezing wraiths
  12 komodo dragons
  A redback zombie (Crypt:3)
  3 unseen horrors
  An ice devil (D:13)
  2 spectral nagas (Crypt:3)
  28 yaktaurs
  An ancient zyme (Abyss:4)
  2 tengu conjurers
  A queen bee (shapeshifter) (D:14)
  A catoblepas skeleton (Crypt:1)
  28 tarantellas
  A yaktaur skeleton (Vaults:4)
  A red devil (Depths:3)
  14 guardian mummies
  4 hellwings
  Grinder (D:6)
  19 merfolk
  2 queen bees
  A troll (shapeshifter) (D:15)
  A shadow dragon simulacrum (Vaults:4)
  A wind drake (shapeshifter) (D:13)
  A moth of wrath zombie (Crypt:3)
  3 trolls
  4 polar bears
  7 meliai
  4 wind drakes
  A sphinx simulacrum (Vaults:4)
  8 hornets
  11 dream sheep
  7 snapping turtles
  Prince Ribbit (Lair:2)
  19 blink frogs
  A large abomination (Abyss:3)
  A great orb of eyes zombie (Crypt:2)
  20 slime creatures
  34 jumping spiders
  An ettin zombie (Tomb:1)
  An ice dragon skeleton (Crypt:2)
  20 culicivoras
  20 water elementals
  32 flying skulls
  8 shadows
  An air elemental (Elf:2)
  A black mamba zombie (Tomb:1)
  11 wyverns
  3 fire elementals
  20 wraiths
  4 ushabtiu (Tomb:1)
  A black mamba skeleton (Tomb:1)
  A steam dragon (Lair:2)
  Eustachio (D:6)
  71 yaks
  A hog (shapeshifter) (D:13)
  9 vampire mosquitoes
  8 basilisks
  A chaos spawn (Zot:3)
  39 redbacks
  Edmund (D:5)
  A swamp worm (shapeshifter) (D:15)
  A skyshark zombie (Crypt:1)
  10 wargs
  A two-headed ogre zombie (Crypt:2)
  6 acid dragons
  A floating eye (Depths:2)
  19 water moccasins
  2 entropy weaver zombies
  2 hell hounds (D:13)
  A swamp dragon zombie (Crypt:1)
  2 ice beasts
  A hornet zombie (Crypt:1)
  45 orc warriors
  3 sky beasts
  A sky beast (shapeshifter) (D:13)
  A black bear (D:4)
  A naga skeleton (Tomb:1)
  18 ogres
  18 wolves
  11 centaurs
  A phantom (D:5)
  A kobold brigand (D:9)
  A salamander zombie (Crypt:2)
  2 gnoll sergeants
  A yaktaur zombie (Crypt:1)
  12 bullfrogs
  3 necrophages
  2 earth elementals (Elf:2)
  A rime drake skeleton (Crypt:2)
  17 wights
  10 scorpions
  A small abomination (Abyss:3)
  52 killer bees
  A raiju skeleton (Crypt:3)
  A warg skeleton (Crypt:3)
  8 howler monkeys
  3 jellies (D:5)
  3 electric eels
  4 crimson imps (D:13)
  5 human zombies (Crypt:1)
  2 gnoll boudas
  A human skeleton (Crypt:1)
  17 orc priests
  5 starcursed masses (Abyss:4)
  3 hounds (D:5)
  2 sleepcaps
  12 iguanas
  27 orc wizards
  An ogre zombie (Crypt:3)
  15 mummies
  20 gnolls
  A swamp drake zombie (Crypt:2)
  7 adders
  A steam dragon zombie (Crypt:1)
  A shadow imp (D:7)
  A swamp drake skeleton (Crypt:1)
  7 white imps
  An ufetubus (D:5)
  4 worms
  5 dart slugs
  118 orcs
  5 bats
  6 endoplasms
  9 giant cockroaches
  8 goblins
  6 hobgoblins
  4 jackals (D:3)
  4 quokkas
  4 ball pythons
  A ball python skeleton (Crypt:1)
  5 frilled lizards
  A hobgoblin zombie (Crypt:3)
  14 kobolds
  5 rats
  A butterfly (Lair:2)
  A fire vortex (Hell)
2246 creatures vanquished.

Vanquished Creatures (others)
  A wizard (Vaults:2)
  An orc priest (Elf:1)
  An iguana (Lair:5)
  2 lurking horrors (Abyss:4)
5 creatures vanquished.

Grand Total: 2251 creatures vanquished

Notes
Turn   | Place    | Note
-------+----------+-------------------------------------------
     0 | D:1      | Colgate the Merfolk Transmuter began the quest for the Orb.
     0 | D:1      | Reached XP level 1. HP: 15/15 MP: 3/3
   131 | D:1      | Reached XP level 2. HP: 20/21 MP: 3/5
   827 | D:1      | Reached XP level 3. HP: 26/26 MP: 4/6
   961 | D:1      | Found a faded altar of an unknown god.
  1170 | D:2      | Found a glowing golden altar of the Shining One.
  1215 | D:2      | Reached skill level 5 in Unarmed Combat
  1454 | D:2      | Reached skill level 3 in Transmutations
  1497 | D:2      | Learned a level 3 spell: Spider Form
  1556 | D:2      | Reached skill level 1 in Poison Magic
  1556 | D:2      | Reached XP level 4. HP: 30/32 MP: 5/7
  2119 | D:3      | Reached skill level 1 in Stealth
  2815 | D:3      | Found a stormy altar of Qazlal.
  2821 | D:3      | Found a shimmering blue altar of Sif Muna.
  2965 | D:3      | Found a hazy altar of Hepliaklqana.
  3762 | D:4      | Reached XP level 5. HP: 37/37 MP: 4/8
  3961 | D:4      | Identified the +3 dagger of Olef {flame, rC+ Int+3 Dex+3}
  4036 | D:4      | Learned a level 2 spell: Wereblood
  4209 | D:4      | Found a blossoming altar of Fedhas.
  4226 | D:4      | Noticed a black bear
  4270 | D:4      | Killed a black bear
  4271 | D:4      | Reached XP level 6. HP: 20/43 MP: 0/9
  4445 | D:4      | Reached skill level 4 in Transmutations
  4492 | D:4      | Noticed an ice beast
  4828 | D:5      | Entered Level 5 of the Dungeon
  4866 | D:5      | Reached skill level 5 in Transmutations
  4866 | D:5      | Reached XP level 7. HP: 44/48 MP: 1/10
  4871 | D:5      | Learned a level 4 spell: Ice Form
  4945 | D:5      | Reached skill level 1 in Ice Magic
  4992 | D:5      | Noticed Edmund
  5184 | D:5      | Killed Edmund
  5185 | D:5      | Reached skill level 6 in Transmutations
  5458 | D:5      | Identified a scroll of acquirement
  5471 | D:5      | Reached skill level 7 in Transmutations
  5954 | D:5      | Reached skill level 8 in Transmutations
  6098 | D:5      | Reached XP level 8. HP: 56/56 MP: 6/11
  7357 | D:4      | Reached skill level 5 in Fighting
  7815 | D:6      | Noticed Grinder
  7822 | D:6      | Killed Grinder
  8277 | D:6      | Reached skill level 5 in Dodging
  8277 | D:6      | Reached XP level 9. HP: 57/71 MP: 1/12
  8738 | D:6      | Found a staircase to the Ecumenical Temple.
  8747 | Temple   | Entered the Ecumenical Temple
  9081 | Temple   | Became a worshipper of Warmaster Okawaru
  9082 | Temple   | Acquired an amulet of faith
  9450 | D:6      | Noticed Eustachio
  9500 | D:6      | Killed Eustachio
 11237 | D:7      | Reached * piety under Okawaru
 11603 | D:7      | Reached skill level 1 in Invocations
 12256 | D:7      | Found a faded altar of an unknown god.
 12256 | D:7      | Found the Hermit's Pendant {Faith Invo=14 Evo=0 MP+5}
 12257 | D:7      | Noticed a seven-headed hydra
 12308 | D:7      | Killed a seven-headed hydra
 12308 | D:7      | Reached ** piety under Okawaru
 12309 | D:7      | Reached XP level 10. HP: 46/83 MP: 9/14
 13376 | D:8      | Reached *** piety under Okawaru
 13387 | D:8      | Reached skill level 10 in Unarmed Combat
 13862 | D:8      | Found a staircase to the Lair.
 15400 | D:9      | Reached **** piety under Okawaru
 15472 | D:9      | Found Ummat's Weapon Shop.
 15563 | D:9      | Found a transporter.
 15566 | D:9      | Noticed a tengu warrior
 15568 | D:9      | Found a bloodstained altar of Trog.
 15569 | D:9      | Noticed tykejmi's ghost (novice GnTm)
 15577 | D:9      | Found a transporter.
 15578 | D:9      | Noticed a two-headed ogre
 15581 | D:9      | Noticed a moth of wrath
 16005 | D:8      | Reached XP level 11. HP: 46/89 MP: 21/21
 16442 | D:9      | Noticed a cyclops
 16531 | D:9      | Killed a cyclops
 16927 | D:9      | Noticed a deep elf pyromancer
 16941 | D:9      | Identified the orb "Batyzuis" {guile, rPois rF+}
 16963 | D:9      | Killed a deep elf pyromancer
 17201 | D:9      | Found a white marble altar of Elyvilon.
 17368 | D:10     | Entered Level 10 of the Dungeon
 17442 | D:9      | Reached ***** piety under Okawaru
 18561 | D:10     | Found a staircase to the Orcish Mines.
 18845 | D:11     | Found Jabrear's Armour Shop.
 19264 | D:11     | Noticed a two-headed ogre
 19276 | D:11     | Killed a two-headed ogre
 19276 | D:11     | Received a gift from Okawaru
 20057 | D:11     | Noticed a cyclops
 20099 | D:11     | Killed a cyclops
 20100 | D:11     | Reached XP level 12. HP: 97/97 MP: 14/22
 20247 | D:12     | Reached skill level 10 in Fighting
 20652 | D:12     | Noticed Lodul
 20668 | D:12     | Killed Lodul
 21343 | D:12     | Noticed a boulder beetle
 22093 | Lair:1   | Entered Level 1 of the Lair of Beasts
 22265 | Lair:1   | Reached skill level 15 in Unarmed Combat
 23461 | Lair:2   | Received a gift from Okawaru
 23765 | Lair:2   | Found a hole to the Spider Nest.
 23891 | Lair:2   | Reached XP level 13. HP: 105/105 MP: 19/23
 24076 | Lair:2   | Found a staircase to the Shoals.
 24189 | Lair:2   | Identified the -2 hat of the Farrier {rN+ Dex+2} (Okawaru
                  | gifted it to you on level 2 of the Lair of Beasts)
 24189 | Lair:2   | Received a gift from Okawaru
 24332 | Lair:2   | Learned a level 5 spell: Blade Hands
 24603 | D:11     | Bought quicksilver dragon scales for 600 gold pieces
 24956 | Lair:2   | Noticed Prince Ribbit
 24971 | Lair:2   | Killed Prince Ribbit
 25646 | Lair:2   | Reached skill level 1 in Armour
 26638 | Lair:3   | Reached skill level 9 in Transmutations
 27243 | Lair:3   | Received a gift from Okawaru
 28622 | Lair:4   | Gained mutation: You occasionally shout uncontrollably at
                  | your foes. [mutagenic glow]
 28844 | Lair:4   | Found a runed translucent door.
 28844 | Lair:4   | Found a viscous altar of Jiyva.
 28847 | Lair:4   | Noticed an azure jelly
 28848 | Lair:4   | Noticed an azure jelly
 28850 | Lair:4   | Found a staircase to the Slime Pits.
 28925 | Lair:4   | Noticed an azure jelly
 29021 | Lair:4   | Reached XP level 14. HP: 76/113 MP: 18/24
 29244 | Lair:3   | Reached skill level 10 in Transmutations
 29248 | Lair:3   | Identified the +3 plate armour of Trumpets {rElec rPois
                  | rCorr Str-2} (Okawaru gifted it to you on level 3 of the
                  | Lair of Beasts)
 29248 | Lair:3   | Received a gift from Okawaru
 29685 | Lair:4   | Reached skill level 11 in Transmutations
 30222 | Lair:5   | Entered Level 5 of the Lair of Beasts
 30334 | Lair:5   | Reached skill level 5 in Stealth
 30598 | Lair:5   | Reached skill level 10 in Dodging
 31778 | Lair:5   | Found a runed translucent gate.
 31779 | Lair:5   | Found a runed translucent gate.
 31780 | Lair:5   | Found a runed translucent gate.
 31784 | Lair:5   | Noticed raetorn's ghost (journeyman MfGl)
 33035 | Lair:5   | Identified the +0 chain mail of Complete Protection {*Slow
                  | +Blink rPois rF-}
 33169 | Lair:5   | Lost mutation: You occasionally shout uncontrollably at
                  | your foes. [potion of mutation]
 33169 | Lair:5   | Gained mutation: Your flesh is cold resistant. (rC+)
                  | [potion of mutation]
 33169 | Lair:5   | Gained mutation: You occasionally lose the ability to read
                  | scrolls when taking damage. [potion of mutation]
 33169 | Lair:5   | Gained mutation: You have a somewhat thin skeletal
                  | structure. (Dex +2, Stealth+) [potion of mutation]
 33169 | Lair:5   | Gained mutation: You passively dampen the noise of your
                  | surroundings. [potion of mutation]
 33170 | Lair:5   | Lost mutation: You have a somewhat thin skeletal structure.
                  | (Dex +2, Stealth+) [potion of mutation]
 33170 | Lair:5   | Lost mutation: You occasionally lose the ability to read
                  | scrolls when taking damage. [potion of mutation]
 33170 | Lair:5   | Gained mutation: You possess an exceptional clarity of
                  | mind. [potion of mutation]
 34748 | D:12     | Reached XP level 15. HP: 118/124 MP: 24/25
 35492 | D:12     | Found Ciwn's Weapon Emporium.
 35633 | D:12     | Noticed Urug
 35643 | D:12     | Killed Urug
 35927 | Orc:1    | Entered Level 1 of the Orcish Mines
 35928 | Orc:1    | Found an iron altar of Okawaru.
 36426 | Orc:2    | Entered Level 2 of the Orcish Mines
 36751 | Orc:2    | Found a staircase to the Elven Halls.
 36951 | Orc:2    | Noticed an orc warlord
 37651 | Orc:2    | Killed an orc warlord
 37901 | Orc:2    | Noticed an orc warlord
 37933 | Orc:2    | Killed an orc warlord
 37934 | Orc:2    | Reached skill level 15 in Fighting
 38115 | Orc:2    | Found Yzet's Antique Weapon Shoppe.
 38122 | Orc:2    | Found Waasonono's Antique Armour Emporium.
 38218 | Orc:2    | Found Igumaer's Antique Weapon Emporium.
 38561 | Orc:2    | Found Hokawoas's General Store.
 38809 | Orc:1    | Noticed Erolcha
 38831 | Orc:1    | Killed Erolcha
 39058 | Orc:2    | Bought a smouldering longbow for 414 gold pieces
 39058 | Orc:2    | Identified the +10 longbow of Commaeh {speed, rPois Str+6
                  | Int+4 Dex-5} (You bought it in a shop on level 2 of the
                  | Orcish Mines)
 39578 | D:13     | Identified the +4 executioner's axe of Xeerotih {flame,
                  | Drain rF+ Will++ Dex+4} (Okawaru gifted it to you on level
                  | 13 of the Dungeon)
 39578 | D:13     | Received a gift from Okawaru
 39868 | D:13     | Noticed Josephine
 39957 | D:13     | Killed Josephine
 40079 | D:13     | Got the Quarto of Frore Shapes
 40207 | D:13     | Found a transporter.
 40211 | D:13     | Found a transporter.
 40211 | D:13     | Noticed mihai's ghost (journeyman MiFi)
 40770 | D:13     | Noticed Azrael
 40779 | D:13     | Killed Azrael
 41321 | D:13     | Found a gate to the Vaults.
 41473 | Orc:2    | Bought a scroll of enchant armour for 127 gold pieces
 41473 | Orc:2    | Bought a scroll of identify for 34 gold pieces
 41473 | Orc:2    | Bought a scroll of magic mapping for 127 gold pieces
 41752 | D:14     | Reached ****** piety under Okawaru
 41752 | D:14     | Received a gift from Okawaru
 42052 | D:14     | Received a gift from Okawaru
 42089 | D:14     | Found an ornate altar of the Wu Jian Council.
 42106 | D:14     | You fall into a shaft and drop 1 floor!
 42106 | D:15     | Entered Level 15 of the Dungeon
 42244 | D:15     | Reached XP level 16. HP: 139/143 MP: 23/26
 43869 | D:15     | Identified the +4 lajatang of the Goat {venom, *Noise rElec
                  | Stlth+} (Okawaru gifted it to you on level 15 of the
                  | Dungeon)
 43869 | D:15     | Received a gift from Okawaru
 43996 | D:15     | Found a staircase to the Depths.
 44232 | Shoals:1 | Entered Level 1 of the Shoals
 44641 | Shoals:1 | Noticed Aizul
 44885 | Lair:2   | Killed Aizul
 45712 | Shoals:1 | Identified the +2 sling of Laceration {freeze, Fragile
                  | rN+++ Str+4 Int-4}
 46998 | Shoals:2 | Received a gift from Okawaru
 47474 | Shoals:2 | Received a gift from Okawaru
 50951 | Shoals:4 | Entered Level 4 of the Shoals
 53024 | Shoals:4 | Identified the +1 falchion "Fawuog" {venom, MP+9 Str+3}
 53489 | Shoals:3 | Received a gift from Okawaru
 53832 | Shoals:3 | Reached XP level 17. HP: 126/156 MP: 26/27
 54933 | Shoals:4 | Identified the +0 cloak "Zeodabei" {+Blink Regen+} (Okawaru
                  | gifted it to you on level 4 of the Shoals)
 54933 | Shoals:4 | Received a gift from Okawaru
 55302 | Shoals:4 | HP: 6/156 [faun/sling bullet (10)]
 61081 | Shoals:4 | Got a barnacled rune of Zot
 61628 | Shoals:4 | Got the Incunabulum of Movement and the Impact
 62213 | Spider:1 | Entered Level 1 of the Spider Nest
 64246 | Spider:1 | Received a gift from Okawaru
 65019 | Spider:2 | Noticed Donald
 65051 | Spider:2 | Noticed Arachne
 65070 | Spider:1 | Killed Arachne
 65248 | Spider:2 | Reached XP level 18. HP: 163/163 MP: 28/28
 65388 | Spider:2 | Killed Donald
 66121 | Spider:3 | Reached skill level 15 in Dodging
 67126 | Spider:4 | Entered Level 4 of the Spider Nest
 67870 | Vaults:1 | Entered Level 1 of the Vaults
 68231 | Vaults:1 | Found a flickering gateway to a bazaar.
 68256 | Bazaar   | Entered a bazaar
 68321 | Bazaar   | Found Buskasug's Assorted Antiques.
 68368 | Bazaar   | Found Qimunn's Jewellery Boutique.
 68404 | Bazaar   | Found Goemidoe's Book Shoppe.
 68434 | Bazaar   | Found Wiraguc's Magic Scroll Shoppe.
 68823 | Bazaar   | Bought a transparent bronze ring for 90 gold pieces
 68823 | Bazaar   | Identified the ring of Zowo {rN+ Will+ Str+2} (You bought
                  | it in a shop in a bazaar)
 68823 | Bazaar   | Bought a distressingly furry buckler for 171 gold pieces
 68823 | Bazaar   | Identified the +0 buckler of Upsurr {Slay+5} (You bought it
                  | in a shop in a bazaar)
 68915 | Bazaar   | Bought the ring of Wopporuv {rF+ rC+ rN+ rCorr} for 439
                  | gold pieces
 68915 | Bazaar   | Bought the ring "Rumayrchu" {rElec Str+6} for 450 gold
                  | pieces
 68915 | Bazaar   | Bought the ring "Detyuh" {Str+6 Int+2} for 424 gold pieces
 68958 | Bazaar   | Bought a scroll of fog for 32 gold pieces
 68958 | Bazaar   | Bought a scroll of teleportation for 24 gold pieces
 68958 | Bazaar   | Bought a scroll of silence for 76 gold pieces
 68958 | Bazaar   | Bought a scroll of teleportation for 24 gold pieces
 69015 | Bazaar   | Bought a scroll of teleportation for 54 gold pieces
 69871 | Vaults:1 | Identified the ring "Zenaiczamm" {MP+9 Str+4}
 70765 | Vaults:1 | Received a gift from Okawaru
 71700 | Vaults:2 | Reached XP level 19. HP: 165/170 MP: 17/29
 72550 | Vaults:2 | Received a gift from Okawaru
 72795 | Vaults:2 | Identified the +4 falchion "Tattletale" {freeze, rN+ Will++
                  | MP-9 Stlth+}
 72803 | Vaults:2 | Reached skill level 12 in Transmutations
 73025 | Vaults:2 | Noticed Sojobo
 73157 | Vaults:2 | Found Wurph's Jewellery Shop.
 76293 | Spider:4 | Noticed Mara
 76364 | Spider:3 | Received a gift from Okawaru
 76851 | Spider:4 | Noticed Colgate's illusion
 76860 | Spider:3 | Killed Mara
 76861 | Spider:3 | Reached skill level 13 in Transmutations
 79071 | Spider:4 | Reached skill level 1 in Air Magic
 80316 | Spider:4 | Reached skill level 5 in Air Magic
 80392 | Spider:4 | Got a gossamer rune of Zot
 80719 | Elf:1    | Entered Level 1 of the Elven Halls
 81494 | Elf:1    | Reached skill level 14 in Transmutations
 81599 | Elf:1    | Reached XP level 20. HP: 177/177 MP: 30/30
 81924 | Elf:1    | Identified the amulet of Yredelemnul's Regard {Reflect
                  | Fragile rElec rF+++ SH+5 Stlth-}
 81962 | Elf:1    | Received a gift from Okawaru
 82273 | Elf:1    | Found a runed translucent gate.
 82273 | Elf:1    | Found a runed translucent gate.
 82273 | Elf:1    | Found a runed translucent gate.
 82273 | Elf:1    | Found a runed translucent gate.
 82273 | Elf:1    | Found a runed translucent gate.
 82275 | Elf:1    | Found a runed translucent gate.
 82330 | Elf:1    | Reached skill level 15 in Transmutations
 82386 | Elf:1    | Learned a level 7 spell: Storm Form
 82535 | Elf:2    | Found a flickering gateway to a bazaar.
 82561 | Bazaar   | Entered a bazaar
 82561 | Bazaar   | Found Reobramu's Assorted Antiques.
 82561 | Bazaar   | Found Qyitwiup's Magic Scroll Shoppe.
 82561 | Bazaar   | Found Ociskor's Book Emporium.
 82567 | Bazaar   | Found Kyivvug's Distillery.
 82584 | Bazaar   | Bought a scroll of teleportation for 27 gold pieces
 82587 | Bazaar   | Bought a potion of cancellation for 152 gold pieces
 82587 | Bazaar   | Bought a potion of curing for 57 gold pieces
 82587 | Bazaar   | Bought a potion of mutation for 152 gold pieces
 82587 | Bazaar   | Bought a potion of heal wounds for 95 gold pieces
 82587 | Bazaar   | Bought a potion of mutation for 152 gold pieces
 82593 | Bazaar   | Bought a scroll of teleportation for 72 gold pieces
 82593 | Bazaar   | Bought a scroll of teleportation for 72 gold pieces
 82596 | Bazaar   | Acquired 962 gold pieces
 82644 | Elf:2    | Noticed Agnes
 82780 | Elf:2    | Paralysed by an air elemental for 1 turns
 82989 | Elf:2    | Found a runed translucent gate.
 82989 | Elf:2    | Found a runed translucent gate.
 82990 | Elf:2    | Found a runed translucent gate.
 83036 | Elf:2    | Killed Agnes
 83036 | Elf:2    | Received a gift from Okawaru
 83188 | Elf:2    | Found a runed translucent gate.
 83189 | Elf:2    | Found a runed translucent gate.
 83190 | Elf:2    | Found a runed translucent gate.
 83191 | Elf:2    | Noticed Nimbul's ghost (adept KoEE)
 83263 | Elf:2    | Found an iron altar of Okawaru.
 83863 | D:9      | Killed tykejmi's ghost
 84122 | Lair:5   | Killed raetorn's ghost
 84683 | D:13     | Killed mihai's ghost
 84685 | D:13     | Reached skill level 16 in Transmutations
 85014 | Elf:3    | Entered Level 3 of the Elven Halls
 85603 | Elf:3    | Found Niryaxar's Antique Armour Shoppe.
 85604 | Elf:3    | Found Woma's Jewellery Shoppe.
 85604 | Elf:3    | Found Dolenwiu's Armour Emporium.
 85612 | Elf:3    | Reached skill level 5 in Spellcasting
 85642 | Elf:3    | Found Quci's General Store.
 86415 | Elf:3    | Identified the +9 great sword of Doimi {protect, rPois rC+
                  | Will-} (Okawaru gifted it to you on level 3 of the Elven
                  | Halls)
 86415 | Elf:3    | Received a gift from Okawaru
 86474 | Elf:3    | Reached skill level 17 in Transmutations
 87890 | Abyss:3  | Cast into level 3 of the Abyss (a deep elf sorcerer)
 87941 | Abyss:3  | Noticed a bone dragon
 87950 | Abyss:3  | Killed a bone dragon
 88168 | Abyss:4  | Identified the +6 dagger of Dowdy Valiance {heavy, Will+}
                  | (Okawaru gifted it to you on level 4 of the Abyss)
 88168 | Abyss:4  | Received a gift from Okawaru
 88189 | Abyss:4  | Got an abyssal rune of Zot
 88192 | Abyss:4  | Reached XP level 21. HP: 63/184 MP: 27/31
 88206 | Elf:3    | Escaped the Abyss
 88216 | Elf:3    | Reached skill level 18 in Transmutations
 89146 | Elf:3    | Identified the +4 war axe of the Shoals {vamp, Contam Fly
                  | Dex+4}
 89222 | Elf:3    | Learned a level 5 spell: Alistair's Intoxication
 89346 | Elf:3    | Identified the +4 long sword "Loat" {flame, rN++ MP-9
                  | Int+4}
 89363 | Elf:3    | Identified the +4 great sword of Saos {flame, *Slow rC+
                  | SInv}
 89753 | Elf:3    | Received a gift from Okawaru
 89886 | Elf:3    | Identified the +4 plate armour of Chill Winds {rC+ Int+4}
 89955 | Elf:3    | Identified the +5 plate armour of Agoraphobia {*Corrode rF-
                  | Will+++ SInv}
 89959 | Elf:3    | Identified the staff of poison "Kyann" {rElec rPois rF+
                  | Will+ rCorr Str-4}
 90015 | Elf:3    | Reached skill level 19 in Transmutations
 90185 | Elf:3    | Identified the +2 broad axe "Geuptarph" {flame, *Noise
                  | rN+++ Dex+2 Stlth+}
 90732 | Vaults:2 | Killed Sojobo
 91212 | Vaults:2 | Found Wurph's Jewellery Shop.
 91944 | Vaults:3 | Found Baiggotagg's Assorted Antiques.
 91997 | Vaults:3 | Reached skill level 10 in Air Magic
 92025 | Vaults:3 | Found Hadeo's Antique Armour Shop.
 92049 | Vaults:3 | Found a flickering gateway to a bazaar.
 92089 | Bazaar   | Entered a bazaar
 92107 | Bazaar   | Found Ydoqius's Jewellery Emporium.
 92123 | Bazaar   | Found Qoiho's General Store.
 92139 | Bazaar   | Found Eblip's Book Emporium.
 92155 | Bazaar   | Found Pemolott's Book Emporium.
 92155 | Bazaar   | Found Dyech's Armour Shoppe.
 92253 | Bazaar   | Bought a +6 ring of intelligence for 468 gold pieces
 92267 | Bazaar   | Bought a potion of curing for 27 gold pieces
 92267 | Bazaar   | Bought a potion of curing for 27 gold pieces
 92293 | Bazaar   | Bought a book of Lightning for 408 gold pieces
 92339 | Bazaar   | Learned a level 3 spell: Vhi's Electric Charge
 92367 | Bazaar   | Bought Great Wizards, Vol. VII for 480 gold pieces
 92910 | Vaults:3 | Identified the +3 ring mail of the Serpent {+Inv MP+9}
                  | (Okawaru gifted it to you on level 3 of the Vaults)
 92910 | Vaults:3 | Received a gift from Okawaru
 93144 | Vaults:3 | Reached skill level 20 in Transmutations
 93212 | Vaults:3 | Found Haarphou's Magic Scroll Shoppe.
 93219 | Vaults:3 | Learned a level 5 spell: Yara's Violent Unravelling
 93484 | Vaults:3 | Reached skill level 1 in Translocations
 93795 | Vaults:3 | Reached skill level 1 in Hexes
 93815 | Vaults:3 | Paralysed by a great orb of eyes for 5 turns
 94238 | Vaults:3 | Found a staircase to the Crypt.
 94274 | Arena    | Entered the Arena
 94615 | Vaults:4 | Noticed Saint Roka
 94642 | Vaults:4 | Killed Saint Roka
 94842 | Vaults:4 | Reached skill level 5 in Poison Magic
 95015 | Vaults:4 | Found a magical portal.
 95151 | WizLab   | Entered Yara's Duelist Academy
 95231 | Arena    | Entered the Arena
 95241 | Arena    | Reached XP level 22. HP: 123/191 MP: 16/32
 95594 | WizLab   | Received a gift from Okawaru
 95913 | WizLab   | Got Yara's Directory of Beguiling
 96043 | WizLab   | Noticed Geny Lysh
 96056 | WizLab   | Killed Geny Lysh the Head Instructor
 96400 | WizLab   | Got Yara's Collected Works on Execration
 96402 | WizLab   | Got Yara's Almanac of Imprecation
 96520 | Vaults:4 | Identified the +6 demon trident "Kooseir" {drain, rF++ rC+}
 96900 | Arena    | Entered the Arena
 96920 | Vaults:4 | Paralysed by a great orb of eyes for 2 turns
 96925 | Vaults:4 | Reached skill level 21 in Transmutations
 98294 | Vaults:4 | Identified the +0 pair of gloves of the Lute {rPois Will+++
                  | Str-5}
 98660 | Crypt:1  | Entered Level 1 of the Crypt
 99031 | Crypt:1  | Received a gift from Okawaru
100210 | Crypt:1  | Received a gift from Okawaru
100210 | Crypt:1  | Found the +1 robe of Vines {NoPotionHeal Regen++++}
100834 | Crypt:2  | Reached XP level 23. HP: 202/202 MP: 35/35
101122 | Crypt:2  | Reached skill level 22 in Transmutations
101752 | Crypt:3  | Entered Level 3 of the Crypt
102546 | Crypt:3  | Identified the +0 scale mail "Nisues" {rElec Int-3 Stlth+}
                  | (Okawaru gifted it to you on level 3 of the Crypt)
102546 | Crypt:3  | Received a gift from Okawaru
102650 | Crypt:3  | Reached skill level 23 in Transmutations
102837 | Crypt:3  | Found an ancient bone altar of Kikubaaqudgha.
103492 | Crypt:3  | Reached skill level 24 in Transmutations
103839 | Crypt:3  | Noticed Zenata
103927 | Crypt:3  | Killed Zenata
103966 | Crypt:3  | Got Sif Muna's Tome of Ectoplasm
104183 | Crypt:3  | Found a staircase to the Tomb.
104193 | Tomb:1   | Entered Level 1 of the Tomb of the Ancients
104363 | Tomb:1   | Identified the +6 great sword "Dasinunint" {flame, Dex+2}
                  | (Okawaru gifted it to you on level 1 of the Tomb of the
                  | Ancients)
104363 | Tomb:1   | Received a gift from Okawaru
104462 | Tomb:1   | Paralysed by a sphinx for 3 turns
104980 | Tomb:1   | Reached XP level 24. HP: 210/210 MP: 35/35
105597 | Tomb:1   | Noticed a royal mummy
105623 | Arena    | Entered the Arena
105627 | Arena    | Killed a royal mummy
105656 | Tomb:1   | Noticed a royal mummy
105670 | Arena    | Entered the Arena
105676 | Arena    | Killed a royal mummy
105915 | Tomb:1   | Received a gift from Okawaru
106054 | Tomb:1   | Found the ring of the Hare {EV+10}
106474 | Tomb:1   | Reached skill level 25 in Transmutations
107685 | Vaults:3 | Bought the +3 hat of Pondering {ponderous, Will+ MP+10
                  | Int+5} for 1333 gold pieces
107685 | Vaults:3 | Found the +3 hat of Pondering {ponderous, Will+ MP+10
                  | Int+5}
107722 | Vaults:3 | Bought a scroll of blinking for 255 gold pieces
107958 | Depths:1 | Entered Level 1 of the Depths
108486 | Depths:1 | Acquired 522 gold pieces
108807 | Depths:1 | Found a broken altar of Ashenzari.
108905 | Depths:1 | Found a gateway to Hell.
109764 | Depths:2 | Found a one-way gate to the infinite horrors of the Abyss.
109764 | Depths:2 | Noticed Louise
109870 | Depths:2 | Noticed Grunn
109896 | Depths:2 | Killed Grunn
109913 | Depths:2 | Reached skill level 26 in Transmutations
110082 | Depths:2 | Killed Louise
110707 | Depths:2 | Found a one-way gateway to a ziggurat.
111071 | Depths:2 | Received a gift from Okawaru
111261 | Depths:2 | Found a one-way gate leading to the halls of Pandemonium.
111333 | Depths:2 | Noticed a caustic shrike
111352 | Depths:2 | Killed a caustic shrike
111895 | Depths:2 | Found a portal to a secret trove of treasure.
111980 | Hell     | Entered the Vestibule of Hell
111980 | Hell     | Noticed Geryon
112300 | Hell     | Killed Geryon
112561 | Depths:2 | You paid a toll of the horn of Geryon to enter a treasure
                  | trove
112562 | Trove    | Entered a treasure trove
112574 | Trove    | Identified the ring "Naybb" {rC- Str+6 Int+4 Dex+2}
112577 | Trove    | Identified the amulet "Uppu" {Harm Regen+ Str+5 Slay+5
                  | Stlth-}
112578 | Trove    | Identified the ring "Zoar Duz" {rN+ Will++ Str+3 Slay+2}
112579 | Trove    | Identified the amulet "Zaim" {rC+ Regen+}
112580 | Trove    | Identified the ring of the Mutiny {rF+ Str+3 Dex+6 Slay+4}
112581 | Trove    | Identified the ring of the Tormentor {rCorr MP+9 Str-3
                  | Int+2 SInv}
112582 | Trove    | Identified the ring "Yracio" {rCorr MP+9 Dex+2 Stlth+}
112585 | Trove    | Identified the ring "Catt" {Drain +Blink rN+ Dex+3 Slay+2}
112586 | Trove    | Identified the amulet "Reqic" {RegenMP rN+ MP+9}
116004 | Depths:3 | Received a gift from Okawaru
116209 | Depths:3 | Noticed a dread lich
116223 | Depths:3 | Noticed a caustic shrike
116274 | Depths:3 | Reached skill level 27 in Transmutations
116322 | Depths:3 | Found a runed translucent gate.
116322 | Depths:3 | Found a runed translucent gate.
116322 | Depths:3 | Found a runed translucent gate.
116482 | Depths:3 | Found a runed translucent gate.
116482 | Depths:3 | Found a runed translucent gate.
116482 | Depths:3 | Found a runed translucent gate.
116500 | Depths:3 | Reached XP level 25. HP: 193/216 MP: 36/36
117624 | Depths:4 | Entered Level 4 of the Depths
117945 | Depths:4 | Noticed Margery
117951 | Depths:3 | Reached skill level 10 in Spellcasting
118074 | Depths:3 | Killed Margery
118688 | Depths:4 | Identified the +0 robe "Suarphal" {Will+ Slay+3 SInv}
                  | (Okawaru gifted it to you on level 4 of the Depths)
118688 | Depths:4 | Received a gift from Okawaru
118890 | Depths:4 | Noticed Parghit
119128 | Depths:4 | Killed Parghit
119611 | Depths:4 | Reached skill level 15 in Air Magic
119752 | Depths:4 | Noticed Boris
119993 | Depths:4 | Noticed Jory
119994 | Depths:4 | Found a gate to the Realm of Zot.
120000 | Depths:4 | Killed Jory
121098 | Depths:4 | Killed Boris
121990 | Depths:4 | Found a gate to the Realm of Zot.
122575 | Elf:2    | Killed Nimbul's ghost
123349 | Zot:1    | Entered Level 1 of the Realm of Zot
123401 | Zot:1    | Learned a level 1 spell: Apportation
124005 | Zot:2    | Noticed an orb of fire
124226 | Zot:3    | Noticed an orb of fire
124273 | Arena    | Entered the Arena
124787 | Zot:4    | Noticed an orb of fire
125620 | Zot:4    | Received a gift from Okawaru
125859 | Zot:4    | Noticed an orb of fire
126196 | Zot:4    | Reached XP level 26. HP: 210/224 MP: 38/38
126262 | Arena    | Entered the Arena
126306 | Zot:4    | Gained mutation: Your magical capacity is low. (-10% MP)
                  | [an orb of fire]
126313 | Zot:4    | Killed an orb of fire
126651 | Zot:5    | Entered Level 5 of the Realm of Zot
127381 | Zot:5    | Learned a level 8 spell: Maxwell's Capacitive Coupling
128126 | Zot:5    | Noticed an ancient lich
128142 | Zot:5    | Killed an ancient lich
128260 | Zot:5    | Noticed a Killer Klown
128274 | Zot:5    | Killed a Killer Klown
128408 | Zot:5    | Noticed a dread lich
128426 | Zot:5    | Killed a dread lich
128426 | Zot:5    | Identified the scarf of Okawaru's Inspiration {+Inv,
                  | *Corrode rC+ rN+ Dex+3} (Okawaru gifted it to you on level
                  | 5 of the Realm of Zot)
128426 | Zot:5    | Received a gift from Okawaru
128436 | Zot:5    | Noticed a dread lich
128444 | Zot:5    | Killed a dread lich
128703 | Zot:5    | Noticed an orb of fire
128727 | Zot:5    | Gained mutation: Your body sometimes deteriorates upon
                  | taking damage. [an orb of fire]
128728 | Zot:5    | Killed an orb of fire
128729 | Zot:5    | Lost mutation: You possess an exceptional clarity of mind.
                  | [potion of mutation]
128729 | Zot:5    | Lost mutation: Your magical capacity is low. (-10% MP)
                  | [potion of mutation]
128729 | Zot:5    | Lost mutation: Your body sometimes deteriorates upon taking
                  | damage. [potion of mutation]
128729 | Zot:5    | Gained mutation: You are somewhat resistant to further
                  | mutation. [potion of mutation]
128729 | Zot:5    | Gained mutation: You are somewhat resistant to both further
                  | mutation and mutation removal. [potion of mutation]
128960 | Zot:5    | Noticed an orb of fire
128976 | Zot:5    | Killed an orb of fire
128979 | Zot:5    | Noticed a Killer Klown
128979 | Zot:5    | Noticed an orb of fire
128991 | Zot:5    | Killed an orb of fire
128992 | Zot:5    | Killed a Killer Klown
129159 | Zot:5    | Got the Orb of Zot
129162 | Zot:5    | Noticed a dread lich
129633 | D:12     | Gained mutation: You are clumsy. (Dex -2) [a cacodemon]
129664 | D:11     | Noticed Xygooh the pandemonium lord
129985 | D:$      | Escaped with the Orb!

Illustrated notes

Levels and vault maps discovered:
D:1:      saegor_arrival_simple_a, layout_loops_cross,
          shapermc_ecumenical_altar_notcrosses, minmay_bisected
D:2:      layout_basic, basic_altar, wad_floor_pattern_untrapped,
          minmay_tetromino_o2
D:3:      layout_basic, minitemple, nicolae_hepliaklqana_hazy_memory
D:4:      layout_basic, nicolae_overflow_hidden_temple,
          chequers_serial_rivers_room_b
D:5:      layout_gridville, minmay_misc_feat_columns, uniq_edmund
D:6:      layout_gridville, minmay_temple_entry_glass, uniq_eustachio,
          uniq_grinder
D:7:      layout_loops_ring, st_stairs_8, hellmonk_guarded_unrand_hermit
D:8:      layout_layer_cave, minmay_lair_entry_grove
D:9:      layout_basic, kennysheep_mini, gammafunk_ghost_wrathful_warriors,
          serial_shops, shop, minmay_pinched_square
D:10:     layout_cave_pools, hiddenorc1_lemuel
D:11:     layout_loops_corners, serial_shops, nicolae_shop_hallway_stairs
D:12:     layout_roguey, serial_shops, shop, minivault_27, uniq_urug, uniq_lodul
D:13:     layout_roguey [special_room_bee], david_vaults_4,
          gammafunk_ghost_arena, minivault_25_ag, eino_tiny_chamber,
          minmay_fire_ice_demons, uniq_azrael, uniq_josephine
D:14:     layout_irregular_city, minmay_misc_feat_more_columns,
          serial_column_ruins, column_ruins_open_tiny, column_ruins_open_small,
          column_ruins_grid_2, column_ruins_grid_1, column_ruins_grid_1,
          pdpol_wu_jian_five_deadly_venoms
D:15:     gammafunk_enter_depths_forms, layout_cave_pools, corexii_checkpoint_a,
          minmay_misc_feat_chi
Temple:   minmay_temple_bridge_d
Lair:1:   layout_regular_city
Lair:2:   regret_index_combs_of_tragedy, layout_regular_city,
          minmay_shoals_entry_centaurs, nicolae_spider_entry_non_spiders,
          lemuel_fruit_fields, uniq_prince_ribbit2
Lair:3:   layout_layer_cave
Lair:4:   layout_loops_ring, slime_entry_2, chequers_serial_rivers_large_a,
          grunt_megastairs_5, infiniplex_staircase_pool_2, serial_bayou_shore_a
Lair:5:   guppyfry_lair_end_dragon, layout_regular_city,
          hangedman_lair_in_review, maelrawn_ghost_gauntlet_escape, minivault_24
Shoals:1: layout_shoals, uniq_aizul
Shoals:2: layout_shoals
Shoals:3: layout_shoals
Shoals:4: shoals_end_grunt_garden, layout_shoals
Spider:1: nicolae_spider_corner, hangedman_spider_tarantella_strand
Spider:2: layout_spider_delve, uniq_arachne, uniq_donald
Spider:3: layout_spider_delve
Spider:4: hellmonk_spider_rune_endless_swarm, uniq_mara
Orc:1:    layout_caves, okawaru_metal_pillars_3, uniq_erolcha
Orc:2:    grunt_orc_community_town_hall, layout_caves,
          grunt_orc_community_big_house_1, grunt_orc_community_big_house_1,
          grunt_orc_community_house_3, grunt_orc_community_house_1,
          grunt_orc_community_house_1, grunt_orc_community_house_2,
          grunt_orc_community_house_1, nooodl_orcs_dogs
Elf:1:    minmay_elf_arrival_circle, layout_rooms, orc_legates
Elf:2:    elven_hall_of_blades_hangedman_original
          [nicolae_blade_entry_diamond_columns], layout_gridlike,
          gammafunk_ghost_fury_of_okawaru, serial_shops, bzr_entry_dummy,
          uniq_agnes
Elf:3:    minmay_elf_hall_four_x, layout_geoelf_castle,
          nicolae_fountain_basement, minmay_shoptagon
Vaults:1: nicolae_vaults_storage_room_glass, nicolae_vaults_lightning_bolt,
          ontoclasm_vaults_shuriken, v_misc_25, vaults_dpeg_ring,
          nicolae_vaults_double_plus_1, ontoclasm_vaults_fault,
          nicolae_vaults_theta, nicolae_vaults_alarming, vaults_room_pools,
          nicolae_vaults_shelves_hall, nicolae_vaults_circle_grid_b,
          nicolae_vaults_meeting, layout_vaults_omnicross, serial_shops,
          bzr_entry_dummy
Vaults:2: hangedman_vaults_pinch, nicolae_vaults_offset_grid_hallway_1,
          hangedman_vaults_restitches, nicolae_vaults_hexular_roomagon,
          nicolae_vaults_closet_pinwheel_3, nicolae_vaults_tetromino_L_1,
          nicolae_vaults_closet_pinwheel_2, nicolae_vaults_house_2,
          nicolae_vaults_tetromino_Z_1, layout_vaults_big_room, serial_shops,
          nicolae_shop_rolling_square, uniq_sojobo
Vaults:3: minmay_crypt_entry_simple_sparse, nicolae_vaults_triangles,
          v_alt_pattern_4, nicolae_vaults_two_Ls,
          nicolae_vaults_closet_pinwheel_2, nicolae_vaults_more_shelving_1,
          layout_vaults_quadrants, serial_shops, bzr_entry_islet, shop,
          nicolae_square_shop, shop
Vaults:4: mu_enter_wizlab_5, vaults_mumra_chevron_long,
          nicolae_vaults_frosty_reception, hangedman_vaults_restitches,
          vaults_room_boxed, hangedman_vaults_locks, dpeg_vaults_hating_casters,
          nicolae_vaults_two_Ls, nicolae_vaults_apartment_2,
          nicolae_vaults_house_3, layout_vaults_ring, uniq_saint_roka
Crypt:1:  layout_gridlike, grunt_megastairs_2, grunt_crypt_arrival_guarded_gate
Crypt:2:  layout_catacombs
Crypt:3:  church_of_pain_bobbens, layout_chaotic_city,
          nicolae_tomb_entry_rubble_hallway, uniq_josephina, uniq_zenata
Tomb:1
Depths:1: layout_gridlike, serial_sigils, serial_sigils_hangedman_scratch,
          serial_sigils_hangedman_stare, serial_sigils_hangedman_shear,
          serial_sigils_hangedman_clutch, serial_sigils_hangedman_gnaw,
          hell_entry, nicolae_ashenzari_skybound, kennysheep_small_square
Depths:2: kennysheep_big_flooded_room, layout_basic, enter_ziggurat_c,
          enter_trove_3, hell_entry, rand_demon_pan_entry_1,
          nicolae_abyss_entry_one_way_or_another, uniq_grunn
Depths:3: kennysheep_treasure_stockpile, layout_honeycomb, roderic_malta_cross,
          pf_hell_entry_great_geh, rand_demon_pan_entry_9, abyss_entry,
          hangedman_decor_cross_pass
Depths:4: grunt_twist_and_shout, layout_cave_pools, pf_hell_entry_tar_spiral,
          minmay_misc_feat_encased, uniq_boris, uniq_jory, uniq_parghit,
          uniq_margery
Hell
Zot:1:    layout_gridlike
Zot:2:    layout_gridlike
Zot:3:    kennysheep_blocky_room, layout_gridlike, st_large_dragon_hoard_1
Zot:4:    hangedman_orp_of_zott, layout_misc_corridors
Zot:5:    layout_concentric_octagons, nicolae_zot_crop_circle

Skill      XL: |  1  2  3  4  5  6  7  8  9 10 11 12 13 14 15 16 17 18 19 20 21 22 23 24 25 26 |
---------------+-------------------------------------------------------------------------------+-----
Unarmed Combat | 4 5 7 11 14 16 19 22 | 22.0
Transmutations | 3 5 8 9 11 14 17 20 21 24 27 | 27.0
Poison Magic   | 1 5 |  5.0
Stealth        | 2 3 4 5 6 7 |  7.1
Ice Magic      | 1 3 |  3.0
Fighting       | 6 9 10 11 13 17 20 21 | 21.6
Dodging        | 5 8 12 14 19 20 | 20.7
Invocations    | 6 |  6.4
Armour         | 3 |  3.0
Spellcasting   | 4 5 6 8 9 11 12 | 12.1
Air Magic      | 6 9 10 11 13 14 17 19 | 19.0
Translocations | 3 |  3.3
Hexes          | 4 |  4.1

Action                     |  1- 3 |  4- 6 |  7- 9 | 10-12 | 13-15 | 16-18 | 19-21 | 22-24 | 25-27 || total
---------------------------+-------+-------+-------+-------+-------+-------+-------+-------+-------++-------
  Melee: Unarmed           |    93 |    89 |   179 |   526 |   872 |   689 |   812 |   942 |   403 ||  4605
         Headbutt          |    16 |       |       |       |       |       |       |       |       ||    16
         Whip              |    11 |       |       |       |       |       |       |       |       ||    11
         Punch             |     2 |       |     3 |       |   101 |   121 |   129 |   159 |    79 ||   594
         Staff             |       |       |     9 |     1 |       |       |       |     5 |       ||    15
         Dagger            |       |       |       |       |    28 |       |       |       |       ||    28
         Tailslap          |       |       |       |       |     4 |     7 |     2 |       |       ||    13
   Fire: Longbow           |       |       |       |       |    85 |  1111 |   283 |       |       ||  1479
   Cast: Beastly Appendage |    29 |     1 |       |       |       |       |       |       |       ||    30
         Spider Form       |       |    30 |     5 |       |       |       |       |       |       ||    35
         Wereblood         |       |     1 |     3 |    26 |    46 |    16 |    14 |    23 |    15 ||   144
         Ice Form          |       |       |    67 |   121 |    10 |       |       |       |       ||   198
         Blade Hands       |       |       |       |       |   220 |   171 |   100 |       |       ||   491
         Storm Form        |       |       |       |       |       |       |    88 |   155 |    97 ||   340
         Vhi's Electric Ch |       |       |       |       |       |       |     3 |    97 |    50 ||   150
         Alistair's Intoxi |       |       |       |       |       |       |     3 |       |    11 ||    14
         Yara's Violent Un |       |       |       |       |       |       |     2 |     1 |       ||     3
         Maxwell's Capacit |       |       |       |       |       |       |       |       |     3 ||     3
 Invoke: Heroism           |       |       |       |     9 |    24 |    25 |    11 |     8 |     7 ||    84
         Finesse           |       |       |       |     3 |     3 |     4 |     2 |     5 |     3 ||    20
         Duel              |       |       |       |       |       |       |     2 |     3 |     2 ||     7
Ability: End Transformatio |       |       |     4 |    18 |    12 |    15 |    23 |    29 |    32 ||   133
         Blinkbolt         |       |       |       |       |       |       |    17 |    11 |     5 ||    33
    Use: Scroll            |     1 |     7 |     7 |     7 |     7 |     5 |     9 |     1 |    10 ||    54
         Potion            |       |     1 |     1 |       |     7 |       |     9 |     8 |    12 ||    38
   Stab: Sleeping          |       |     2 |     5 |     2 |    14 |     2 |    19 |    24 |     2 ||    70
         Distracted        |       |       |       |     1 |     1 |     1 |     6 |       |     2 ||    11
         Confused          |       |       |       |       |       |       |       |       |     1 ||     1
 Armour: Robe              |    19 |     2 |     6 |     3 |       |       |     5 |     8 |       ||    43
         Skin              |       |     7 |    41 |   184 |    13 |       |    50 |   152 |    59 ||   506
         Quicksilver drago |       |       |       |       |   239 |   371 |   129 |       |       ||   739
         Plate armour      |       |       |       |       |       |       |       |     8 |     4 ||    12
  Dodge: Dodged            |    76 |    85 |    90 |   294 |   569 |  1003 |   608 |   821 |   397 ||  3943
         Repelled          |       |       |       |       |     9 |    16 |     4 |       |       ||    29
